 Dungeon Crawl Stone Soup version 0.22-a0-284-g99d1f7439c (webtiles) character file.

336 Infinimo the Slasher (level 6, -10/44 HPs)
             Began as a Demonspawn Gladiator on Mar 21, 2018.
             Was a Follower of Kikubaaqudgha.
             Mangled by an orc warrior
             ... wielding a +0 war axe
              (16 damage)
             ... on level 4 of the Dungeon.
             The game lasted 00:04:49 (4367 turns).

Infinimo the Slasher (Demonspawn Gladiator)         Turns: 4367, Time: 00:04:49

Health: -10/44     AC:  3    Str: 14    XL:     6   Next: 28%
Magic:  0/6        EV: 12    Int: 12    God:    Kikubaaqudgha [*.....]
Gold:   116        SH:  0    Dex: 14    Spells: 5/5 levels left

rFire    . . .     SeeInvis .   a - +0 long sword
rCold    . . .     Gourm    .   (no shield)
rNeg     . . .     Faith    .   b - +0 leather armour
rPois    .         Spirit   +   (helmet restricted)
rElec    .         Reflect  .   (no cloak)
rCorr    .         Harm     .   (no gloves)
MR       .....                  (no boots)
Stlth    +.........             (no amulet)
HPRegen  0.14/turn              (no ring)
MPRegen  0.20/turn              (no ring)

@: no status effects
A: horns 1, spiny 1, magic shield, magic regeneration
a: Receive Corpses, Renounce Religion


You were on level 4 of the Dungeon.
You worshipped Kikubaaqudgha.
Kikubaaqudgha was aware of your devotion.
You were not hungry.

You visited 1 branch of the dungeon, and saw 4 of its levels.

You collected 116 gold pieces.

Inventory:

Hand Weapons
 a - a +0 long sword (weapon)
Missiles
 d - 3 throwing nets (quivered)
Armour
 b - a +0 leather armour (worn)
 c - a +0 helmet
Jewellery
 j - a +5 ring of strength {unknown}
 m - an uncursed ring of fire {unknown}
Scrolls
 i - 2 scrolls of teleportation {unknown}
 k - a scroll of enchant armour {unknown}
 n - a scroll of fear {unknown}
 o - 5 scrolls of identify {unknown}
 q - a scroll of remove curse {unknown}
 r - a scroll of magic mapping {unknown}
Potions
 e - a potion of flight {unknown}
 g - a potion of heal wounds {unknown}
 h - a potion of mutation {unknown}
 s - a potion of cancellation {unknown}
 t - a potion of might {unknown}
Comestibles
 f - 4 rations


   Skills:
 - Level 2.0 Fighting
 + Level 6.5 Long Blades
 - Level 1.7 Throwing
 - Level 2.6 Dodging


You had 5 spell levels left.
You didn't know any spells.

Dungeon Overview and Level Annotations

Branches:
Dungeon (4/15)
 Temple: D:4-7

Altars:
Kikubaaqudgha
Uskayaw


Innate Abilities, Weirdness & Mutations

You have a pair of small horns on your head.
You are partially covered in sharp spines.
When hurt, damage is shared between your health and your magic reserves.
You regenerate magic rapidly.


Message History

The orc warrior hits you with a war axe!
The orc warrior is severely wounded.
You headbutt the orc warrior, but do no damage.
The orc warrior is severely wounded.
The orc warrior hits you with a war axe!
* * * LOW HITPOINT WARNING * * *
The orc warrior is severely wounded.
The orc hits you from afar with a trident.
* * * LOW HITPOINT WARNING * * *
The orc warrior is severely wounded.
You feel sick.
You are no longer poisoned.
The orc warrior is severely wounded.
The orc warrior is almost dead.
The orc hits you from afar with a trident.
* * * LOW HITPOINT WARNING * * *
The orc warrior is almost dead.
The orc warrior hits you with a war axe!
You die...
Kikubaaqudgha rasps: "You have failed me!
Welcome... death!"

# #(####.# #
..#.### #.#...#
#.###.# #.#
#.#### #.#
#....# #.#
#.##.#
#.######.#
...####....@oo.#
.......<########
...######


You could see an orc warrior and an orc.

Vanquished Creatures
  An orc priest (D:4)
  3 hounds
  Jessica (D:3)
  A worker ant (D:4)
  A gnoll (D:3)
  7 adders
  2 oozes (D:2)
  3 worms (D:2)
  A dart slug (D:3)
  7 orcs
  3 giant cockroaches
  10 goblins
  3 hobgoblins
  7 jackals
  6 kobolds
  A quokka (D:2)
  5 bats
  6 frilled lizards
  A leopard gecko skeleton (D:4)
  6 rats (D:1)
75 creatures vanquished.

Notes
Turn   | Place    | Note
-------+----------+-------------------------------------------
     0 | D:1      | Infinimo the Demonspawn Gladiator began the quest for the Orb.
     0 | D:1      | Reached XP level 1. HP: 16/16 MP: 1/1
   109 | D:1      | Reached skill level 3 in Long Blades
   380 | D:1      | Gained mutation: When hurt, damage is shared between your health and your magic reserves. [demonic ancestry]
   380 | D:1      | Reached XP level 2. HP: 16/22 MP: 2/2
  1135 | D:2      | You fall through a shaft!
  1283 | D:3      | Gained mutation: You are partially covered in sharp spines. [demonic ancestry]
  1283 | D:3      | Reached XP level 3. HP: 27/27 MP: 3/3
  1290 | D:3      | Reached skill level 4 in Long Blades
  1498 | D:2      | Found a faded altar of an unknown god.
  1768 | D:2      | Gained mutation: You have a pair of small horns on your head. [demonic ancestry]
  1768 | D:2      | Reached XP level 4. HP: 16/33 MP: 4/4
  2145 | D:2      | Found a hide-covered altar of Uskayaw.
  2148 | D:2      | Noticed a dagger
  2148 | D:2      | Noticed a hand axe
  2229 | D:2      | Reached skill level 5 in Long Blades
  2535 | D:2      | Became a worshipper of Kikubaaqudgha
  2535 | D:2      | Reached * piety under Kikubaaqudgha
  2535 | D:2      | Identified Kikubaaqudgha's Grimoire of Unholy Secrets (Kikubaaqudgha gifted it to you on level 2 of the Dungeon)
  2535 | D:2      | Received a gift from Kikubaaqudgha
  3141 | D:3      | Noticed Jessica
  3141 | D:3      | Reached XP level 5. HP: 38/38 MP: 3/5
  3147 | D:3      | Killed Jessica
  3336 | D:3      | Reached skill level 6 in Long Blades
  3657 | D:4      | Gained mutation: You regenerate magic rapidly. [demonic ancestry]
  3657 | D:4      | Reached XP level 6. HP: 21/44 MP: 2/6
  4015 | D:4      | Noticed an orc warrior
  4367 | D:4      | Mangled by an orc warrior

Vault maps used:
D:1:      elethiomel_arrival_infinity_welcomes_careful_drivers
D:2:      dancing_weapons_uskayaw, chequers_ecumenical_altar_simple,
          kennysheep_generic_room_5
D:3:      corner_web_ring, cheibrodos_gnoll_hut, uniq_jessica
D:4:      grunt_temple_overflow_magic_moments, nicolae_overflow_crystal_walls,
          uniq_duvessa

Skill      XL: |  1  2  3  4  5 |
---------------+----------------+-----
Long Blades    | 3 4 5 6 |  6.5
Fighting       | |  2.0
Throwing       | |  1.7
Dodging        | |  2.6

Action                   |  1- 3 |  4- 6 || total
-------------------------+-------+-------++-------
Melee: Long sword        |    98 |    96 ||   194
       Headbutt          |       |    20 ||    20
  Use: Potion            |       |     2 ||     2
 Stab: Sleeping          |     1 |       ||     1
       Distracted        |       |     1 ||     1
  Eat: Chunk             |     3 |     5 ||     8
       Ration            |       |     1 ||     1
Armor: Leather armour    |    34 |    23 ||    57
Dodge: Dodged            |    55 |    71 ||   126
       Rpst.: Long sword |    22 |    19 ||    41

Table legend:
 A = Spawn XP
 B = Non-spawn XP
 C = Spawn XP percentage of total XP
 D = Spawn monster count
 E = Non-spawn monster count
 F = Spawn count percentage of total count
 G = Total turns spent on level
                    A         B        C        D         E        F      G
               +---------+---------+-------+---------+---------+-------+---------
         Total |       0 |     481 |   0.0 |       0 |      75 |   0.0 |  4367
               +---------+---------+-------+---------+---------+-------+---------
           D:1 |       0 |      24 |   0.0 |       0 |      17 |   0.0 |  1134
           D:2 |       0 |     104 |   0.0 |       0 |      22 |   0.0 |  1048
           D:3 |       0 |     210 |   0.0 |       0 |      28 |   0.0 |  2032
           D:4 |       0 |     143 |   0.0 |       0 |       8 |   0.0 |   153
               +---------+---------+-------+---------+---------+-------+---------
